 Dungeon Crawl Stone Soup version 0.20.1-1-g8b1a95d66d (webtiles) character file.

26529 Pixllover the Bludgeoner (level 12, -8/112 HPs)
             Began as a Minotaur Berserker on Jan 6, 2018.
             Was a High Priest of Trog.
             Mangled by a two-headed ogre
             ... wielding a +0 giant spiked club
              (12 damage)
             ... on level 2 of the Orcish Mines.
             The game lasted 00:52:43 (13057 turns).

Pixllover the Bludgeoner (Minotaur Berserker)      Turns: 13057, Time: 00:52:43

Health: -8/112     AC: 14    Str: 33    XL:     12   Next: 99%
Magic:  11/11      EV: 16    Int:  7    God:    Trog [*****.]
Gold:   1555       SH:  0    Dex: 18    Spells: 11/11 levels left

rFire    + + .     SeeInvis .   K - +6 halberd "Laxig" {drain, rF+ Int+3}
rCold    . . .     Gourm    .   (shield currently unavailable)
rNeg     . . .     Faith    .   A - +2 ring mail {MR+}
rPois    .         Spirit   .   (helmet restricted)
rElec    .         Reflect  .   (no cloak)
rCorr    +         Harm     .   b - +2 pair of gloves {Str+3}
MR       +....                  (no boots)
Stlth    ++........             (no amulet)
Regen    0.3/turn               H - +5 ring of dexterity
MPRegen  0.2/turn               y - ring "Jed Usuu" {rCorr rF+ Str+4 Dex+2}

@: berserk cooldown, slowed, very slow
A: retaliatory headbutt, horns 2, molten scales 1, mutation resistance 1,
subdued magic 1
a: Berserk, Trog's Hand, Brothers in Arms, Burn Spellbooks, Renounce Religion


You were on level 2 of the Orcish Mines.
You worshipped Trog.
Trog was extremely pleased with you.
You were not hungry.

You visited 3 branches of the dungeon, and saw 13 of its levels.
You also visited: Sewer and Ice Cave.

You collected 1695 gold pieces.
You spent 140 gold pieces at shops.

Inventory:

Hand Weapons
 k - a +5 antimagic halberd
 m - a +5 flail
 B - the +3 quarterstaff "Peexioto" {venom, rF++}
   (Trog gifted it to you on level 7 of the Dungeon)

   It poisons the flesh of those it strikes.
   It greatly protects you from fire.
 E - a +3 great mace of holy wrath
 K - the +6 halberd "Laxig" (weapon) {drain, rF+ Int+3}
   (You found it in an ice cave)

   A truly terrible weapon, it drains the life of those it strikes.
   It affects your intelligence (+3).
   It protects you from fire.
Missiles
 i - 3 needles of frenzy (quivered)
 u - 4 needles of sleeping
 x - 27 poisoned needles
 I - 7 poisoned tomahawks
Armour
 b - a +2 pair of gloves of strength (worn)
 A - a +2 ring mail of magic resistance (worn)
Jewellery
 d - a +2 ring of strength
 y - the ring "Jed Usuu" (right hand) {rCorr rF+ Str+4 Dex+2}
   (You acquired it on level 7 of the Dungeon)

   [ring of resist corrosion]

   It affects your strength (+4).
   It affects your dexterity (+2).
   It protects you from fire.
 H - a +5 ring of dexterity (left hand)
Wands
 a - a wand of random effects (12/48)
 e - a wand of paralysis (13/24)
 h - a wand of acid (6/15)
 j - a wand of flame (16/48)
 p - a wand of digging (11/24)
 r - a wand of flame (23/48)
Scrolls
 g - 4 scrolls of magic mapping
 n - 3 scrolls of blinking
 q - 2 scrolls of identify
 z - a scroll of fear {unknown}
 F - 3 scrolls of remove curse
 G - a scroll of recharging {unknown}
Potions
 l - 11 potions of heal wounds
 s - 3 potions of flight
 t - 5 potions of might
 v - 14 potions of curing
 J - a potion of invisibility
Comestibles
 c - 5 bread rations
 f - 8 meat rations
 w - 22 fruits
 C - 7 royal jellies


   Skills:
 + Level 12.2 Fighting
 + Level 17.8 Maces & Flails
 + Level 2.8 Polearms
 + Level 10.7 Armour
 + Level 7.0 Dodging
 + Level 2.6 Stealth
   Level 4.1 Shields


You had 11 spell levels left.
You didn't know any spells.

Dungeon Overview and Level Annotations

Branches:
Dungeon (10/15)            Temple (0/1) D:6            Lair (1/6) D:10
    Orc (2/2) D:9             Elf (0/3) Orc:2

Altars:
Sif Muna

Shops:
D:10 !   Orc:2 :


Innate Abilities, Weirdness & Mutations

You reflexively headbutt those who attack you in melee.
You have a pair of horns on your head.
You are partially covered in molten scales. (AC +2)
You are somewhat resistant to further mutation.
Your spells are a little easier to cast, but a little less powerful.


Message History

3 two-headed ogres come into view.
A two-headed ogre is wielding a giant club and a dire flail of crushing.
You are too berserk!
You barely miss the ogre.
The two-headed ogre shouts in stereo!
You headbutt the ogre!
The ogre is severely wounded.
The two-headed ogre moves out of view.
The ogre misses you.
An ogre comes into view. It is wielding a giant club.
You barely miss the ogre.
The ogre shouts!
You headbutt the ogre!
You kill the ogre!
Trog accepts your kill.
Your Dodging skill increases to level 7!
You are no longer berserk.
You are exhausted.
You feel yourself slow down.
The two-headed ogre hits you with a giant spiked club!
You die...

#
##......#
###
##....O#
..#
#.....# #
.##
##.#..#
.# #.#
###..# O#
### #..#


OO# # #.)## O.# #...###O.###. ##..O@OO..... ##.))O...... ########### # . . . .
You could see 4 two-headed ogres and 5 ogres.

Vanquished Creatures
  A frost giant (IceCv)
  An ettin (Orc:1)
  A hydra (D:8)
  6 two-headed ogres
  Erica (D:8)
  An orc knight (Orc:2)
  An orc sorcerer (Orc:2)
  2 ice statues (IceCv)
  A spiny frog (Lair:1)
  A rime drake (Orc:2)
  2 komodo dragons
  3 trolls
  18 polar bears
  2 hippogriffs
  2 dream sheep (D:8)
  Sigmund (D:3)
  A wyvern (D:8)
  Eustachio (D:4)
  A basilisk (Lair:1)
  26 yaks
  2 wargs (Orc:1)
  Duvessa (D:5)
  3 water moccasins
  6 orc warriors
  A porcupine (Lair:1)
  2 sky beasts
  2 ice beasts
  2 phantoms
  A black bear (D:9)
  13 ogres
  10 wolves
  A centaur (D:9)
  2 crocodiles (Lair:1)
  5 big kobolds
  12 bullfrogs
  A wyvern zombie (D:7)
  Dowan (D:5)
  A scorpion (D:10)
  3 killer bees (D:10)
  4 wights (D:10)
  4 howler monkeys
  4 crimson imps
  A bullfrog zombie (D:6)
  2 jellies
  A quasit (D:6)
  6 hounds
  A bullfrog skeleton (D:6)
  A centaur zombie (D:5)
  7 orc priests
  7 orc wizards
  Ijyb (D:4)
  2 centaur skeletons (D:4)
  2 iguanas
  Natasha (twice) (D:4)
  5 worker ants
  2 hound zombies
  2 hound skeletons
  2 howler monkey skeletons
  19 adders
  6 river rats (Sewer)
  A shadow imp (D:8)
  3 oozes
  2 worms
  2 adder skeletons
  An adder zombie (D:6)
  A dart slug (D:3)
  6 leopard geckos
  45 orcs
  5 bats
  10 giant cockroaches
  7 goblins
  9 hobgoblins
  14 jackals
  44 kobolds
  2 quokkas
  11 ball pythons
  7 frilled lizards
  3 leopard gecko skeletons
  26 rats
  4 plants (D:6)
426 creatures vanquished.

Notes
Turn   | Place    | Note
-------+----------+-------------------------------------------
     0 | D:1      | Pixllover the Minotaur Berserker began the quest for the Orb.
     0 | D:1      | Reached XP level 1. HP: 19/19 MP: 0/0
   363 | D:1      | Reached XP level 2. HP: 27/27 MP: 1/1
   580 | D:1      | Reached skill level 4 in Maces & Flails
   867 | D:1      | Gained mutation: You are weak. (Str -2) [potion of mutation]
   867 | D:1      | Gained mutation: You are partially covered in rugged brown scales. (AC +1, +3% HP) [potion of mutation]
   867 | D:1      | Gained mutation: You have a beak for a mouth. [potion of mutation]
   885 | D:2      | Reached XP level 3. HP: 33/33 MP: 2/2
  1014 | D:2      | Reached ** piety under Trog
  1140 | D:2      | Found a faded altar of an unknown god.
  1303 | D:2      | Reached XP level 4. HP: 42/42 MP: 3/3
  1677 | D:3      | Reached skill level 5 in Maces & Flails
  1868 | D:3      | Noticed Sigmund
  1900 | D:3      | Killed Sigmund
  1900 | D:3      | Reached skill level 5 in Fighting
  1900 | D:3      | Reached skill level 6 in Maces & Flails
  1900 | D:3      | Reached XP level 5. HP: 49/49 MP: 4/4
  1900 | D:3      | Reached XP level 6. HP: 57/57 MP: 5/5
  1980 | D:3      | Reached *** piety under Trog
  2638 | D:4      | Reached skill level 7 in Maces & Flails
  2647 | D:4      | Noticed Natasha
  2653 | D:4      | Killed Natasha
  2653 | D:4      | Reached XP level 7. HP: 59/62 MP: 6/6
  2767 | D:4      | Received a gift from Trog
  2992 | D:4      | Noticed Eustachio
  2994 | D:4      | Noticed Natasha
  2994 | D:4      | Noticed Ijyb
  3001 | D:4      | Killed Natasha
  3010 | D:4      | Killed Ijyb
  3023 | D:4      | Killed Eustachio
  3023 | D:4      | Reached skill level 5 in Armour
  3326 | D:5      | Entered Level 5 of the Dungeon
  3333 | D:5      | Reached skill level 8 in Maces & Flails
  3367 | D:5      | Noticed Duvessa
  3378 | D:5      | Killed Duvessa
  3378 | D:5      | Reached skill level 1 in Shields
  3384 | D:5      | Reached **** piety under Trog
  3392 | D:5      | Noticed Dowan
  3402 | D:5      | Killed Dowan
  3402 | D:5      | Reached XP level 8. HP: 43/72 MP: 7/7
  3565 | D:5      | Reached skill level 9 in Maces & Flails
  3735 | D:6      | Found a staircase to the Ecumenical Temple.
  3846 | D:6      | Found a glowing drain.
  3880 | Sewer    | Entered a sewer
  4026 | Sewer    | Received a gift from Trog
  4194 | Sewer    | Reached ***** piety under Trog
  4755 | D:6      | Reached skill level 10 in Maces & Flails
  5253 | D:6      | Reached XP level 9. HP: 81/81 MP: 8/8
  5509 | D:7      | Received a gift from Trog
  5522 | D:7      | Got an ancient quarterstaff {god gift}
  5548 | D:7      | Identified the +3 quarterstaff "Peexioto" {venom, rF++} (Trog gifted it to you on level 7 of the Dungeon)
  5549 | D:7      | Identified a scroll of acquirement
  5550 | D:7      | Got a flickering ivory ring
  5551 | D:7      | Identified the ring "Jed Usuu" {rCorr rF+ Str+4 Dex+2} (You acquired it on level 7 of the Dungeon)
  5778 | D:7      | Reached skill level 11 in Maces & Flails
  5778 | D:7      | Reached skill level 1 in Stealth
  5806 | D:7      | Found a deep blue altar of Sif Muna.
  6334 | D:8      | Reached skill level 12 in Maces & Flails
  6346 | D:8      | Reached XP level 10. HP: 60/92 MP: 9/9
  6380 | D:8      | Noticed a two-headed hydra
  6401 | D:8      | Killed a two-headed hydra
  6779 | D:8      | Noticed Erica
  6785 | D:8      | Killed Erica
  6785 | D:8      | Reached skill level 13 in Maces & Flails
  7216 | D:9      | Found a staircase to the Orcish Mines.
  7234 | D:9      | Received a gift from Trog
  7504 | D:9      | Noticed a two-headed ogre
  7509 | D:9      | Killed a two-headed ogre
  7867 | D:10     | Entered Level 10 of the Dungeon
  7891 | D:10     | Reached skill level 5 in Dodging
  7892 | D:10     | Reached XP level 11. HP: 79/101 MP: 10/10
  7974 | D:10     | Reached skill level 14 in Maces & Flails
  7981 | D:10     | Reached skill level 10 in Fighting
  8065 | D:10     | Gained mutation: You are partially covered in slimy green scales. (AC +2) [mutagenic meat]
  8067 | D:10     | Gained mutation: You are clumsy. (Dex -2) [mutagenic meat]
  8069 | D:10     | Gained mutation: Your system is resistant to poisons. (rPois) [mutagenic meat]
  8070 | D:10     | Gained mutation: Your mind is acute. (Int +2) [mutagenic meat]
  8391 | D:10     | Found Ippyhaci's Distillery.
  8399 | D:10     | Bought a potion of heal wounds for 70 gold pieces
  8399 | D:10     | Bought a potion of heal wounds for 70 gold pieces
  8464 | D:10     | Found a staircase to the Lair.
  8472 | Lair:1   | Entered Level 1 of the Lair of Beasts
  8481 | Lair:1   | Received a gift from Trog
  8869 | Lair:1   | Lost mutation: Your mind is acute. (Int +2) [potion of mutation]
  8869 | Lair:1   | Lost mutation: You are clumsy. (Dex -2) [potion of mutation]
  8869 | Lair:1   | Lost mutation: You are weak. (Str -2) [potion of mutation]
  8869 | Lair:1   | Lost mutation: You are partially covered in rugged brown scales. (AC +1, +3% HP) [potion of mutation]
  8869 | Lair:1   | Gained mutation: Your spells are a little easier to cast, but a little less powerful. [potion of mutation]
  8869 | Lair:1   | Gained mutation: Your flesh is cold resistant. (rC+) [potion of mutation]
  8869 | Lair:1   | Gained mutation: You have a pair of large horns on your head. [potion of mutation]
  8973 | Lair:1   | Reached skill level 10 in Armour
  8982 | Lair:1   | Reached skill level 15 in Maces & Flails
 10053 | Orc:1    | Entered Level 1 of the Orcish Mines
 10176 | Orc:1    | Noticed an ettin
 10189 | Orc:1    | Killed an ettin
 10565 | Orc:2    | Entered Level 2 of the Orcish Mines
 10565 | Orc:2    | Noticed an orc knight
 10570 | Orc:2    | Killed an orc knight
 10726 | Orc:2    | Found a frozen archway.
 10743 | Orc:2    | Reached skill level 16 in Maces & Flails
 10763 | IceCv    | Entered an ice cave
 10767 | IceCv    | Reached XP level 12. HP: 71/108 MP: 11/11
 11603 | IceCv    | Lost mutation: You have a pair of large horns on your head. [potion of mutation]
 11603 | IceCv    | Lost mutation: Your flesh is cold resistant. (rC+) [potion of mutation]
 11603 | IceCv    | Lost mutation: Your spells are a little easier to cast, but a little less powerful. [potion of mutation]
 11603 | IceCv    | Lost mutation: Your system is resistant to poisons. (rPois) [potion of mutation]
 11603 | IceCv    | Lost mutation: You are partially covered in slimy green scales. (AC +2) [potion of mutation]
 11603 | IceCv    | Gained mutation: You have large cloven feet. [potion of mutation]
 11603 | IceCv    | Gained mutation: You possess an exceptional clarity of mind. [potion of mutation]
 11603 | IceCv    | Gained mutation: You have a pair of large horns on your head. [potion of mutation]
 11603 | IceCv    | Gained mutation: You are somewhat resistant to further mutation. [potion of mutation]
 11604 | IceCv    | Lost mutation: You possess an exceptional clarity of mind. [potion of mutation]
 11604 | IceCv    | Lost mutation: You have a pair of large horns on your head. [potion of mutation]
 11604 | IceCv    | Lost mutation: You have large cloven feet. [potion of mutation]
 11604 | IceCv    | Lost mutation: You have a beak for a mouth. [potion of mutation]
 11604 | IceCv    | Lost mutation: You are somewhat resistant to further mutation. [potion of mutation]
 11604 | IceCv    | Gained mutation: Your spells are a little easier to cast, but a little less powerful. [potion of mutation]
 11604 | IceCv    | Gained mutation: You are partially covered in molten scales. (AC +2) [potion of mutation]
 11604 | IceCv    | Gained mutation: You are somewhat resistant to further mutation. [potion of mutation]
 12049 | IceCv    | Received a gift from Trog
 12417 | IceCv    | Noticed a frost giant
 12422 | IceCv    | Reached skill level 17 in Maces & Flails
 12431 | IceCv    | Killed a frost giant
 12490 | IceCv    | Got a warped halberd
 12500 | IceCv    | Identified the +6 halberd "Laxig" {drain, rF+ Int+3} (You found it in an ice cave)
 12858 | Orc:2    | Found a staircase to the Elven Halls.
 13021 | Orc:2    | Noticed a two-headed ogre
 13022 | Orc:2    | Found Elasmops's Book Shoppe.
 13022 | Orc:2    | Noticed a two-headed ogre
 13022 | Orc:2    | Noticed an ogre mage
 13023 | Orc:2    | Noticed an ogre mage
 13023 | Orc:2    | Noticed a two-headed ogre
 13035 | Orc:2    | Killed a two-headed ogre
 13040 | Orc:2    | Noticed a two-headed ogre
 13041 | Orc:2    | Noticed a two-headed ogre
 13045 | Orc:2    | Noticed a two-headed ogre
 13045 | Orc:2    | Killed a two-headed ogre
 13045 | Orc:2    | Reached skill level 1 in Polearms
 13047 | Orc:2    | Killed a two-headed ogre
 13049 | Orc:2    | Killed a two-headed ogre
 13053 | Orc:2    | Killed a two-headed ogre
 13055 | Orc:2    | HP: 4/168 [two-headed ogre/giant spiked club (8)]
 13056 | Orc:2    | Noticed a two-headed ogre
 13056 | Orc:2    | Noticed a two-headed ogre
 13056 | Orc:2    | Noticed a two-headed ogre
 13057 | Orc:2    | Mangled by a two-headed ogre

Skill      XL: |  1  2  3  4  5  6  7  8  9 10 11 12 |
---------------+-------------------------------------+-----
Fighting       | 4 5 6 7 8 9 10 12 | 12.2
Maces & Flails | 4 6 7 8 10 12 13 16 17 | 17.8
Dodging        | 3 4 5 7 |  7.0
Armour         | 3 4 5 6 8 9 10 | 10.7
Shields        | 1 2 3 4 |  4.1
Stealth        | 1 2 |  2.6
Polearms       | 2 |  2.8

Action                   |  1- 3 |  4- 6 |  7- 9 | 10-12 || total
-------------------------+-------+-------+-------+-------++-------
Melee: Mace              |    61 |    92 |       |       ||   153
       Headbutt          |    13 |    21 |    77 |   128 ||   239
       Peck              |     1 |    22 |    64 |    67 ||   154
       Flail             |       |    35 |   367 |    30 ||   432
       Great mace        |       |       |       |   294 ||   294
       Halberd           |       |       |       |    36 ||    36
Invok: Berserk           |       |     1 |     2 |     7 ||    10
  Use: Scroll            |     3 |     7 |     8 |     5 ||    23
       Potion            |     1 |     5 |     4 |     6 ||    16
  Eat: Chunk             |     1 |     5 |    14 |    20 ||    40
       Fruit             |       |       |       |     1 ||     1
       Bread ration      |       |       |       |     2 ||     2
       Meat ration       |       |       |       |     1 ||     1
Armor: Animal skin       |     4 |       |       |       ||     4
       Plate armour      |    24 |   104 |    43 |       ||   171
       Chain mail        |       |       |   162 |       ||   162
       Ring mail         |       |       |     5 |   171 ||   176
Dodge: Dodged            |    32 |    67 |   168 |   343 ||   610
Block: Shield            |    16 |     5 |       |       ||    21
       Buckler           |       |       |    68 |     7 ||    75
